[Event "Titled Tuesday Blitz February 28 Late 2023"]
[White "Mikhalsky, Vladimir"]
[Black "Leonte, Sebastian-Marian"]
[WhiteFideId "14144352"]
[BlackFideId "1268767"]
[WhiteElo "2272"]
[BlackElo "2257"]
[Result "1-0"]
[Round "06"]
[TimeControl "180+2"]
[Date "2023.02.28"]
[WhiteClock "0:00:55"]
[BlackClock "0:00:01"]

1. e4 e5 2. Nf3 Nc6 3. Bb5 a6 4. Ba4 Nf6 5. Kf1 b5 6. Bb3 Bb7 7. d3 Be7 8. Nc3 O-O 9. g4 Nxg4 10. Rg1 Nf6 11. Bh6 Ne8 12. Ng5 Nd4 13. Qh5 Bxg5 14. Bxg5 Nf6 15. Qh6 Kh8 16. Qh3 Ne6 17. Ke2 Nd4+ 18. Kd2 b4 19. Nd5 Bxd5 20. Bxd5 c6 21. Bb3 a5 22. c3 Ne6 23. Qh4 d5 24. exd5 Nxg5 25. Qxg5 g6 26. Qxe5 1-0


[Site "https://www.chess.com"]

[Event "Titled Tuesday Blitz February 28 Late 2023"]
[White "Ardila, Oscar Humberto"]
[Black "Grot, Blazej"]
[WhiteFideId "4404742"]
[BlackFideId "21835845"]
[WhiteElo "1946"]
[BlackElo "1823"]
[Result "0-1"]
[Round "06"]
[TimeControl "180+2"]
[Date "2023.02.28"]
[WhiteClock "0:00:15"]
[BlackClock "0:01:20"]

1. d4 h6 2. c4 a6 3. Nf3 Nf6 4. Nc3 b6 5. e3 Bb7 6. Be2 g6 7. O-O Bg7 8. b3 O-O 9. Bb2 d5 10. Rc1 Nbd7 11. Re1 Rc8 12. Bd3 c5 13. Qe2 Re8 14. dxc5 Nxc5 15. Bc2 dxc4 16. bxc4 Qc7 17. Red1 Ng4 18. e4 Ne5 19. Bb1 Ne6 20. Nd5 Nxf3+ 21. gxf3 Qc5 22. Bxg7 Kxg7 23. Qb2+ Kh7 24. Qxb6 Bxd5 25. Qxc5 Nxc5 26. cxd5 Na4 27. Rc6 Nc3 28. Re1 Rxc6 29. dxc6 Rc8 30. Bd3 Rxc6 31. a3 a5 32. Kg2 Rb6 33. Bc4 Kg7 34. Rc1 Na4 35. Bd5 Nb2 36. Rc7 e6 37. Ba8 Nd3 38. Rc3 Nf4+ 39. Kg3 Ne2+ 40. Kg4 Nxc3 41. Kf4 Rb3 42. Ke5 Rxa3 43. Kd6 Nb5+ 44. Kc5 Nc7 45. Bc6 Rxf3 46. Kd6 Na6 47. Bb5 Nb4 48. Kc5 Rxf2 49. Bc4 Rxh2 50. Kb5 Rf2 51. Kxa5 h5 52. Kxb4 Rf4 0-1


[Site "https://www.chess.com"]

[Event "Titled Tuesday Blitz February 28 Late 2023"]
[White "Nery Junior, Jose Antonio"]
[Black "Floresvillar Gonzalez, Luis Migu"]
[WhiteFideId "2104822"]
[BlackFideId "5100542"]
[WhiteElo "2197"]
[BlackElo "2040"]
[Result "1-0"]
[Round "06"]
[TimeControl "180+2"]
[Date "2023.02.28"]
[WhiteClock "0:00:29"]
[BlackClock "0:00:10"]

1. e4 d6 2. d4 Nf6 3. Nc3 g6 4. f3 Bg7 5. Be3 b6 6. Qd2 c5 7. O-O-O cxd4 8. Bxd4 Nc6 9. Bb5 Bd7 10. Be3 a6 11. Bxc6 Bxc6 12. Nge2 Rc8 13. h4 h5 14. Nd4 Qc7 15. Kb1 b5 16. a3 Bb7 17. Bg5 Nh7 18. Be3 Nf6 19. Rhg1 Qc4 20. Nb3 b4 21. axb4 Qxb4 22. Nd5 Nxd5 23. exd5 Qxd2 24. Rxd2 O-O 25. g4 hxg4 26. fxg4 Bf6 27. g5 Be5 28. h5 gxh5 29. Rh1 Kg7 30. Rxh5 Rh8 31. Rxh8 Rxh8 32. Na5 Rh1+ 33. Ka2 Bc8 34. Nc6 e6 35. Nxe5 dxe5 36. d6 Bd7 37. c4 Rc1 38. c5 Re1 39. Bf2 Re4 40. Ka3 Kg6 41. b4 Kxg5 42. c6 Bxc6 43. d7 Bxd7 44. Rxd7 f5 45. Rg7+ Kf6 46. Ra7 Re2 47. Bh4+ Kg6 48. Rxa6 Rh2 49. Bd8 Rh1 50. Rxe6+ Kh5 51. Rxe5 Kg4 52. Bc7 f4 53. Re4 Rf1 54. Rxf4+ Rxf4 55. Bxf4 Kxf4 56. Ka4 Ke5 57. Ka5 Kd6 58. Ka6 Kc7 59. Ka7 Kc6 60. Ka6 Kc7 61. b5 Kb8 62. Kb6 Ka8 63. Kc7 Ka7 64. b6+ Ka8 65. b7+ Ka7 66. b8=Q+ Ka6 67. Qb4 1-0


[Site "https://www.chess.com"]

[Event "Titled Tuesday Blitz February 28 Late 2023"]
[White "Kaufman, Raymond"]
[Black "Forgacs, Attila Jr."]
[WhiteFideId "2015056"]
[BlackFideId "773654"]
[WhiteElo "2321"]
[BlackElo "2168"]
[Result "0-1"]
[Round "06"]
[TimeControl "180+2"]
[Date "2023.02.28"]
[WhiteClock "0:00:38"]
[BlackClock "0:01:14"]

1. d4 Nf6 2. c4 g6 3. Nc3 d5 4. cxd5 Nxd5 5. e4 Nxc3 6. bxc3 Bg7 7. Qa4+ Qd7 8. Bb5 c6 9. Be2 O-O 10. Nf3 c5 11. Bb5 Nc6 12. Be3 cxd4 13. cxd4 a6 14. Rc1 axb5 15. Qxa8 Nxd4 16. Nxd4 Bxd4 17. Bxd4 Qxd4 18. Rxc8 Qxe4+ 19. Kd2 Qf4+ 20. Kc3 Qe5+ 21. Kb4 Qb2+ 22. Ka5 Qxa2+ 23. Kb6 Qxa8 24. Rxa8 Rxa8 25. Kxb7 Ra2 0-1


[Site "https://www.chess.com"]

[Event "Titled Tuesday Blitz February 28 Late 2023"]
[White "Hoffmann, Asa"]
[Black "Sabar, Ethmane Daouda"]
[WhiteFideId "2001470"]
[BlackFideId "19600097"]
[WhiteElo "2117"]
[BlackElo "1950"]
[Result "1-0"]
[Round "06"]
[TimeControl "180+2"]
[Date "2023.02.28"]
[WhiteClock "0:01:06"]
[BlackClock "0:00:01"]

1. d4 d5 2. Bg5 c6 3. e3 Qb6 4. b3 g6 5. Bd3 Bg7 6. Nf3 Bg4 7. h3 Bxf3 8. Qxf3 Nd7 9. Qg3 e5 10. c3 exd4 11. exd4 Ngf6 12. Nd2 O-O 13. O-O Rfe8 14. Rfe1 Nf8 15. Qf3 N6d7 16. b4 a5 17. a3 axb4 18. axb4 Rxa1 19. Rxa1 Ne6 20. Bh4 Bh6 21. Nf1 Nf4 22. Bg3 Nxd3 23. Qxd3 Nf6 24. Ne3 Ne4 25. Ng4 Bg7 26. Re1 Qd8 27. Be5 f6 28. Bh2 h5 29. Ne3 f5 30. f3 Nf6 31. Nc2 Rxe1+ 32. Nxe1 Qe7 33. Kf1 h4 34. Qe2 Kf7 35. Nd3 Qxe2+ 36. Kxe2 g5 37. Be5 Ne8 38. f4 g4 39. Nc5 b6 40. Na4 b5 41. Nc5 Bxe5 42. dxe5 Nc7 43. Nb3 Ke6 44. Nd4+ Kd7 45. Nxf5 Ne6 46. Ke3 gxh3 47. gxh3 c5 48. Nxh4 c4 49. Nf3 Ng7 50. Nd4 Ke7 51. f5 Nh5 52. Kf3 1-0


[Site "https://www.chess.com"]

[Event "Titled Tuesday Blitz February 28 Late 2023"]
[White "Gamage, Wanshini Vidusama"]
[Black "Li, Hui"]
[WhiteFideId "9953752"]
[BlackFideId "15400310"]
[WhiteElo "2201"]
[BlackElo "1967"]
[Result "0-1"]
[Round "06"]
[TimeControl "180+2"]
[Date "2023.02.28"]
[WhiteClock "0:00:32"]
[BlackClock "0:00:16"]

1. e4 e5 2. Nf3 Nf6 3. d4 exd4 4. e5 Ne4 5. Qxd4 d5 6. exd6 Nxd6 7. Bd3 Nc6 8. Qe3+ Be7 9. O-O O-O 10. Nc3 Nf5 11. Qf4 Bd6 12. Qg5 Qxg5 13. Nxg5 Bd7 14. Nb5 h6 15. Nxd6 Nxd6 16. Ne4 Bf5 17. Nxd6 Bxd3 18. Nxb7 Bxf1 19. Kxf1 Rfe8 20. Be3 Rab8 21. Nc5 Rxb2 22. c3 Ne5 23. a4 Nc4 24. Bd4 Ree2 25. Re1 Rxe1+ 26. Kxe1 Ra2 27. Kf1 Nb2 28. Na6 Nxa4 29. Nxc7 Nb6 30. g3 Nc4 31. Kg2 a5 32. Kf3 a4 33. Ke4 a3 34. Kd3 Na5 35. Nb5 Ra1 36. c4 Rb1 37. Kc2 a2 0-1


[Site "https://www.chess.com"]

[Event "Titled Tuesday Blitz February 28 Late 2023"]
[White "Davidson, Kevin"]
[Black "Fernandez Hernandez, Gerardo"]
[WhiteFideId "2056810"]
[BlackFideId "2207400"]
[WhiteElo "2151"]
[BlackElo "2205"]
[Result "1-0"]
[Round "06"]
[TimeControl "180+2"]
[Date "2023.02.28"]
[WhiteClock "0:00:11"]
[BlackClock "0:00:02"]

1. e4 e6 2. d4 d5 3. Nc3 Nc6 4. Nf3 Nf6 5. Bg5 Be7 6. e5 Ne4 7. Bxe7 Qxe7 8. Bd3 Qb4 9. O-O Nxc3 10. bxc3 Qxc3 11. Rb1 Qa3 12. Qd2 h6 13. h4 Qe7 14. h5 b6 15. a4 Bd7 16. Ba6 Na5 17. Rb4 Nc6 18. Rb3 Na5 19. Rb4 O-O 20. Rfb1 Nc6 21. R4b3 Na5 22. Rb4 Nc6 23. R4b2 Na5 24. Ra2 Rab8 25. Bd3 c5 26. c3 Rfc8 27. Raa1 cxd4 28. cxd4 Rc7 29. Qf4 Rbc8 30. Rc1 Nb3 31. Rxc7 Rxc7 32. Rb1 Bxa4 33. g4 1-0


[Site "https://www.chess.com"]

[Event "Titled Tuesday Blitz February 28 Late 2023"]
[White "Gerbelli Neto, Eduardo"]
[Black "Sailer, Mike"]
[WhiteFideId "2103281"]
[BlackFideId "2012901"]
[WhiteElo "2178"]
[BlackElo "2109"]
[Result "0-1"]
[Round "06"]
[TimeControl "180+2"]
[Date "2023.02.28"]
[WhiteClock "0:01:00"]
[BlackClock "0:00:05"]

1. e4 d5 2. exd5 Qxd5 3. Nc3 Qd6 4. Bc4 Nf6 5. d3 Nc6 6. Nge2 Bf5 7. Bf4 Qd7 8. Nb5 e5 9. Bg3 a6 10. Nbc3 Bc5 11. O-O O-O 12. Bh4 Be7 13. Ng3 Be6 14. Bb3 Bxb3 15. axb3 Nd4 16. Bxf6 Bxf6 17. Nge4 Be7 18. f4 f5 19. Nd2 exf4 20. Rxf4 Bg5 21. Rf1 Rae8 22. Nf3 Be3+ 23. Kh1 Re7 24. Nxd4 Bxd4 25. Qf3 c6 26. Rae1 Rxe1 27. Rxe1 g6 28. Qe2 Bf6 29. g3 Kg7 30. Qe6 Qxe6 31. Rxe6 Kf7 32. Re2 Re8 33. Rxe8 Kxe8 34. Na4 Bd4 35. c3 Be3 36. Kg2 b5 37. Kf3 Ba7 38. d4 bxa4 39. bxa4 Kd7 40. b4 Ke6 41. h4 Bb8 42. c4 Bc7 43. g4 f4 44. Ke4 Kf6 45. d5 cxd5+ 46. cxd5 Ke7 47. b5 axb5 48. axb5 Kd7 49. Kd4 Bd6 50. Ke4 Kc7 51. Kd4 Kb6 52. Kc4 Be5 53. Kd3 Kxb5 54. Ke4 Bd6 55. h5 gxh5 56. gxh5 Kc5 57. h6 Kc4 0-1


[Site "https://www.chess.com"]

[Event "Titled Tuesday Blitz February 28 Late 2023"]
[White "Osmonbekov, Talaibek"]
[Black "Eliteplayer3"]
[WhiteFideId "2017253"]
[WhiteElo "2135"]
[BlackElo "2124"]
[Result "1-0"]
[Round "06"]
[TimeControl "180+2"]
[Date "2023.02.28"]
[WhiteClock "0:00:16"]
[BlackClock "0:00:25"]

1. d4 c6 2. Bf4 d5 3. Nc3 Nf6 4. e3 Bf5 5. f3 h5 6. Bd3 Bxd3 7. Qxd3 e6 8. O-O-O Bd6 9. Bg5 Nbd7 10. e4 Qa5 11. e5 Nh7 12. Bd2 Bb4 13. a3 Be7 14. f4 Qc7 15. Qg3 g6 16. Nf3 a5 17. Kb1 b5 18. f5 exf5 19. e6 Qxg3 20. exd7+ Kxd7 21. hxg3 b4 22. Na4 bxa3 23. Nb6+ Kc7 24. Nxa8+ Rxa8 25. bxa3 Bxa3 26. Ka2 Bd6 27. Bf4 Bxf4 28. gxf4 Nf6 29. Ng5 Ne4 30. Nxe4 fxe4 31. f5 gxf5 32. Rxh5 Rg8 33. Rd2 f4 34. Rf5 Rg4 35. Rxf7+ Kd6 36. Rf6+ Kd7 37. Rf2 e3 38. Re2 a4 39. Ka3 Kc7 40. c3 Kb6 41. Kxa4 Rh4 42. Kb3 Kb5 43. Kc2 Rg4 44. Kd3 Rg3 45. Rxf4 Rg8 46. Rf7 Rg3 47. Rb2+ Ka6 48. Rf8 Ka7 49. Rf3 Rg8 50. Rxe3 Ka6 51. Re1 Rg3+ 52. Re3 Rg7 53. c4 dxc4+ 54. Kxc4 Rg4 55. Ra3# 1-0


[Site "https://www.chess.com"]

[Event "Titled Tuesday Blitz February 28 Late 2023"]
[White "Paspuel, Trosky"]
[Black "Bongo Akanga Ndjila, Barthelemy"]
[WhiteFideId "3602150"]
[BlackFideId "10609431"]
[WhiteElo "2307"]
[BlackElo "1768"]
[Result "1-0"]
[Round "06"]
[TimeControl "180+2"]
[Date "2023.02.28"]
[WhiteClock "0:00:04"]
[BlackClock "0:00:34"]

1. c4 e6 2. Nc3 d5 3. d4 a6 4. cxd5 exd5 5. Bf4 c6 6. e3 Nf6 7. Bd3 Bd6 8. Nge2 O-O 9. O-O Be6 10. Qc2 h6 11. Rad1 Nh5 12. Bxd6 Qxd6 13. Ng3 Nxg3 14. hxg3 Nd7 15. b4 b5 16. a3 Nb6 17. e4 Nc4 18. e5 Qe7 19. Bxc4 bxc4 20. f4 Bg4 21. Rb1 a5 22. b5 Qd7 23. b6 Bf5 24. Qb2 Bxb1 25. Rxb1 Rfb8 26. Na4 Qg4 27. Qc3 Qf5 28. Rb2 g5 29. Qe3 Rd8 30. Nc5 gxf4 31. gxf4 Qg4 32. b7 Rab8 33. Na6 Qd1+ 34. Kh2 Qh5+ 35. Kg1 Qd1+ 36. Kh2 Qd3 37. Qg3+ Qxg3+ 38. Kxg3 Kf8 39. Nxb8 Rxb8 40. Kf3 c3 41. Rb6 c2 42. Rxc6 Rxb7 43. Rxc2 Rb3+ 44. Kg4 Rxa3 45. Kf5 Ke7 46. Rc7+ Ke8 47. Kf6 Ra1 48. f5 a4 49. e6 fxe6 50. fxe6 Rf1+ 51. Ke5 Ra1 52. Kd6 Re1 53. Rc8# 1-0


[Site "https://www.chess.com"]

[Event "Titled Tuesday Blitz February 28 Late 2023"]
[White "Melikhov, Evgeny V."]
[Black "Ricaurte Lopez, Juan Carlos"]
[WhiteFideId "4122046"]
[BlackFideId "3600327"]
[WhiteElo "2158"]
[BlackElo "2209"]
[Result "1-0"]
[Round "06"]
[TimeControl "180+2"]
[Date "2023.02.28"]
[WhiteClock "0:00:25"]
[BlackClock "0:00:07"]

1. d4 d5 2. c4 e5 3. dxe5 d4 4. Nf3 Nc6 5. g3 Bg4 6. Bg2 Qd7 7. O-O O-O-O 8. Qb3 d3 9. Qxd3 Qxd3 10. exd3 Rxd3 11. Be3 f6 12. Nc3 fxe5 13. Ng5 Nf6 14. Nd5 Nxd5 15. Bxd5 Nb4 16. Be4 Rxe3 17. fxe3 Bc5 18. Rfe1 h6 19. a3 hxg5 20. axb4 Bxb4 21. Rxa7 Kd7 22. Rf1 b6 23. Bf5+ Bxf5 24. Rxf5 1-0


[Site "https://www.chess.com"]

[Event "Titled Tuesday Blitz February 28 Late 2023"]
[White "Jenkins, Drake"]
[Black "Vanek, Tomas"]
[WhiteFideId "2022397"]
[BlackFideId "313459"]
[WhiteElo "2300"]
[BlackElo "2052"]
[Result "1-0"]
[Round "06"]
[TimeControl "180+2"]
[Date "2023.02.28"]
[WhiteClock "0:00:14"]
[BlackClock "0:00:41"]

1. Nf3 d6 2. g3 f5 3. c4 e5 4. d3 Nf6 5. Bg2 Be6 6. Nc3 c6 7. b4 h6 8. b5 g5 9. Qa4 Qd7 10. bxc6 Nxc6 11. Rb1 Rc8 12. O-O Be7 13. Ba3 Kf7 14. Nd2 Nd4 15. Qxd7 Nxd7 16. Rxb7 f4 17. e3 Nc2 18. Rxa7 Nxa3 19. Rxa3 Nc5 20. Nd5 Ra8 21. Rxa8 Rxa8 22. Nxe7 Rxa2 23. exf4 Kxe7 24. Ne4 gxf4 25. Nxc5 dxc5 26. Re1 fxg3 27. hxg3 Kf6 28. Be4 Bg4 29. Rb1 Ra6 30. Rb5 Ra1+ 31. Kg2 Be2 32. Rxc5 Bf1+ 33. Kh2 Rd1 34. Rc6+ Kg5 35. Rg6+ Kh5 36. Re6 Bxd3 37. Bf3+ Kg5 38. Bxd1 Kf5 39. Rxh6 Bxc4 40. Rh4 Kg5 41. Rxc4 e4 42. Be2 e3 43. fxe3 Kg6 44. Bf3 Kg5 45. g4 Kf6 46. Kg3 Kg6 47. Rc5 Kh7 48. Rd5 Kh6 49. Kf4 Kg6 50. g5 Kf7 51. Rd6 Kg7 52. Rf6 Kh7 53. e4 Kg7 54. e5 Kg8 55. e6 Kg7 56. e7 Kg8 57. e8=Q+ Kg7 58. Qe7+ Kh8 59. Rf8# 1-0


[Site "https://www.chess.com"]

[Event "Titled Tuesday Blitz February 28 Late 2023"]
[White "Desideri, Ricardo Maruchi"]
[Black "Prieto Aranguren, Alain"]
[WhiteFideId "2110440"]
[BlackFideId "2268906"]
[WhiteElo "1945"]
[BlackElo "2209"]
[Result "0-1"]
[Round "06"]
[TimeControl "180+2"]
[Date "2023.02.28"]
[WhiteClock "0:00:02"]
[BlackClock "0:01:05"]

1. e4 c6 2. d4 d5 3. e5 Be6 4. f4 Qc8 5. Bd3 h5 6. Nf3 Nh6 7. Ng5 Bf5 8. Nc3 Bxd3 9. Qxd3 Qf5 10. Qe2 e6 11. O-O Na6 12. a3 Nc7 13. Qxh5 Be7 14. Qe2 O-O-O 15. Be3 f6 16. Nf3 Ng4 17. Bc1 Rdg8 18. h3 Nh6 19. b4 Qh5 20. b5 c5 21. dxc5 Nf5 22. b6 Bxc5+ 23. Kh2 Bxb6 24. Rb1 g5 25. exf6 gxf4 26. Bxf4 Nh4 27. g3 Nxf3+ 28. Qxf3 Qxh3# 0-1


[Site "https://www.chess.com"]

[Event "Titled Tuesday Blitz February 28 Late 2023"]
[White "Awoki, Daniel Teidi"]
[Black "Manu_ChessExcelsior"]
[WhiteFideId "2100827"]
[WhiteElo "2083"]
[BlackElo "1978"]
[Result "1-0"]
[Round "06"]
[TimeControl "180+2"]
[Date "2023.02.28"]
[WhiteClock "0:00:27"]
[BlackClock "0:00:12"]

1. e4 e5 2. Nf3 Nc6 3. d4 exd4 4. Nxd4 Nf6 5. Nxc6 bxc6 6. e5 Qe7 7. Qe2 Nd5 8. c4 Ba6 9. g3 g6 10. Bg2 Bg7 11. O-O O-O 12. Re1 Rae8 13. f4 Qc5+ 14. Qf2 Qxf2+ 15. Kxf2 Bxc4 16. Nd2 Ba6 17. Ne4 Nb4 18. Nc5 Nd3+ 19. Nxd3 Bxd3 20. Be3 Rb8 21. b3 f6 22. Rad1 Bb5 23. exf6 Bxf6 24. Rxd7 Rf7 25. Red1 Be7 26. Bh3 Kf8 27. Be6 Rf6 28. Bh3 g5 29. Bd4 Rd6 30. Rxd6 cxd6 31. f5 c5 32. Bc3 Kf7 33. Bg2 a5 34. Bd5+ Kf8 35. f6 Bd8 36. Be6 a4 37. Rxd6 axb3 38. axb3 c4 39. bxc4 Bc7 40. Rd2 Bc6 41. Bd4 Re8 42. Bc5+ 1-0


[Site "https://www.chess.com"]

[Event "Titled Tuesday Blitz February 28 Late 2023"]
[White "Dorato, Adriano"]
[Black "Cueto, Jonny"]
[WhiteFideId "2802894"]
[BlackFideId "3300145"]
[WhiteElo "1709"]
[BlackElo "2212"]
[Result "1-0"]
[Round "06"]
[TimeControl "180+2"]
[Date "2023.02.28"]
[WhiteClock "0:00:52"]
[BlackClock "0:00:16"]

1. d4 e6 2. Nf3 Nf6 3. e3 b6 4. Bd3 Bb7 5. Nbd2 d5 6. Qe2 Ne4 7. c3 Bd6 8. O-O Nd7 9. h3 O-O 10. Nh2 f5 11. Qe1 Qg5 12. f3 Bg3 13. Qd1 Qxe3+ 14. Kh1 Nf2+ 15. Rxf2 Qxf2 16. Ndf1 Bd6 17. g3 Bxg3 18. Be3 Qe1 19. Qxe1 Bxe1 20. Rxe1 f4 21. Bf2 Rae8 22. Ng4 Nf6 23. Nxf6+ Rxf6 24. Nh2 h5 25. Bh4 Rff8 26. Bg6 Rb8 27. Bxh5 c5 28. Bg4 cxd4 29. Bxe6+ Kh8 30. cxd4 Rfe8 31. Re5 Bc8 32. Rh5# 1-0


[Site "https://www.chess.com"]

[Event "Titled Tuesday Blitz February 28 Late 2023"]
[White "tandercat"]
[Black "Skaric, Djuro"]
[BlackFideId "934569"]
[WhiteElo "1888"]
[BlackElo "2282"]
[Result "0-1"]
[Round "06"]
[TimeControl "180+2"]
[Date "2023.02.28"]
[WhiteClock "0:00:01"]
[BlackClock "0:00:55"]

1. d4 d6 2. c4 g6 3. Nc3 Bg7 4. e4 Nf6 5. f4 O-O 6. Nf3 c5 7. d5 e6 8. dxe6 fxe6 9. Bd3 Nc6 10. O-O d5 11. e5 Ng4 12. h3 Nh6 13. Qe2 Nd4 14. Nxd4 cxd4 15. Nb5 dxc4 16. Bxc4 Nf5 17. Rd1 a6 18. Nc3 b5 19. Bb3 Qb6 20. Ne4 Bb7 21. Rd3 a5 22. g4 a4 23. gxf5 axb3 24. f6 Qc6 25. Rxb3 Bh6 26. Ng3 d3 27. Qf2 Rac8 28. Bd2 Rfd8 29. Rc1 Qd5 30. Rxc8 Rxc8 31. Rc3 Rxc3 32. bxc3 Qxa2 33. h4 Qd5 34. Kh2 Bf8 35. h5 Bc5 36. Qf1 Kf7 37. hxg6+ hxg6 38. Qh3 Ke8 0-1


[Site "https://www.chess.com"]

[Event "Titled Tuesday Blitz February 28 Late 2023"]
[White "Michalski, Olaf"]
[Black "Guimaraes, Wagner Peixoto"]
[WhiteFideId "1106740"]
[BlackFideId "2100940"]
[WhiteElo "2173"]
[BlackElo "2185"]
[Result "0-1"]
[Round "06"]
[TimeControl "180+2"]
[Date "2023.02.28"]
[WhiteClock "0:00:01"]
[BlackClock "0:00:07"]

1. d4 d5 2. c4 e6 3. Nc3 Nf6 4. Bg5 c6 5. e3 h6 6. Bh4 Nbd7 7. Nf3 Be7 8. Rc1 O-O 9. Bd3 dxc4 10. Bxc4 Nd5 11. Bg3 Nxc3 12. bxc3 b6 13. a4 Bb7 14. O-O Rc8 15. Qe2 Nf6 16. Ba6 Bxa6 17. Qxa6 Ra8 18. Ne5 Qc8 19. Qd3 c5 20. f3 Rd8 21. Qb5 Nd5 22. e4 Nf6 23. Nc6 Re8 24. Nxe7+ Rxe7 25. Bd6 Re8 26. dxc5 bxc5 27. Qxc5 Qa6 28. e5 Nd5 29. c4 Nf4 30. Qe3 g5 31. g3 Ng6 32. Qa3 Rac8 33. c5 Qe2 34. Rf2 Qa6 35. Rfc2 Qc6 36. Qb3 Kg7 37. Kf2 Qd5 38. Qxd5 exd5 39. Ke3 Nxe5 40. Bxe5+ Rxe5+ 41. Kd4 Rf5 42. Rc3 Kf6 43. c6 Ke6 44. Re3+ Kd6 45. g4 Rf4+ 46. Kd3 Rxc6 0-1


[Site "https://www.chess.com"]

[Event "Titled Tuesday Blitz February 28 Late 2023"]
[White "Pissama Ntsaou, Martial"]
[Black "Mendez Machado, Andre"]
[WhiteFideId "17400864"]
[BlackFideId "6603793"]
[WhiteElo "2066"]
[BlackElo "1989"]
[Result "1-0"]
[Round "06"]
[TimeControl "180+2"]
[Date "2023.02.28"]
[WhiteClock "0:00:16"]
[BlackClock "0:00:08"]

1. e4 e5 2. Nf3 Nc6 3. Bc4 Bc5 4. O-O Nf6 5. d3 d6 6. c3 a6 7. Bb3 Ba7 8. Re1 O-O 9. h3 Kh8 10. Bg5 h6 11. Bh4 Be6 12. Nbd2 g5 13. Bg3 Nh5 14. Nxe5 Nxg3 15. Nxc6 bxc6 16. d4 c5 17. fxg3 cxd4 18. Qh5 dxc3+ 19. Kh2 Kg7 20. bxc3 Qf6 21. Rf1 Qg6 22. Qf3 g4 23. Qf4 gxh3 24. gxh3 Qh5 25. Qf6+ Kg8 26. Bxe6 fxe6 27. Qxe6+ Kh8 28. g4 Qg5 29. Nf3 Qf4+ 30. Kg2 Rf6 31. Qe7 Raf8 32. Nh2 Qd2+ 33. Kh1 Rxf1+ 34. Rxf1 Rxf1+ 35. Nxf1 Qf2 36. Qe8+ Kg7 37. Qe7+ Kg8 38. Qe8+ Kg7 39. Qe7+ Kg8 40. Qe8+ Kh7 41. Qe7+ Kg6 42. Qe8+ Kg5 43. Qh5+ Kf4 44. Qf5# 1-0


[Site "https://www.chess.com"]

[Event "Titled Tuesday Blitz February 28 Late 2023"]
[White "Huang, Alex"]
[Black "Govender, Kaedan"]
[WhiteFideId "4302508"]
[BlackFideId "14322072"]
[WhiteElo "2029"]
[BlackElo "1956"]
[Result "1-0"]
[Round "06"]
[TimeControl "180+2"]
[Date "2023.02.28"]
[WhiteClock "0:00:17"]
[BlackClock "0:00:11"]

1. d4 Nf6 2. Nf3 d6 3. Bf4 g6 4. c3 Bg7 5. Nbd2 Nbd7 6. e4 O-O 7. Be2 c5 8. O-O cxd4 9. cxd4 b6 10. Re1 Nh5 11. Be3 Bb7 12. Bd3 Nhf6 13. a4 Rc8 14. a5 bxa5 15. Qb3 Rb8 16. Qa3 Ng4 17. Bf4 e5 18. Bg3 f5 19. Qxd6 Rf6 20. Qa3 Rb6 21. h3 fxe4 22. Bxe4 Bxe4 23. Nxe4 Ngf6 24. Nxe5 Nxe4 25. Nxd7 Nxg3 26. Nxb8 Ne2+ 27. Rxe2 Qxb8 28. Rae1 Bf8 29. Re8 Qf4 30. g3 Qf3 31. Qxf3 1-0


[Site "https://www.chess.com"]

[Event "Titled Tuesday Blitz February 28 Late 2023"]
[White "Tsukerman, Julia"]
[Black "Burke, Paul"]
[WhiteFideId "2621649"]
[BlackFideId "2605767"]
[WhiteElo "1667"]
[BlackElo "1898"]
[Result "1-0"]
[Round "06"]
[TimeControl "180+2"]
[Date "2023.02.28"]
[WhiteClock "0:00:08"]
[BlackClock "0:00:39"]

1. e4 e5 2. Nf3 Nc6 3. Bb5 f5 4. d3 Nf6 5. Qe2 Be7 6. Bc4 d6 7. a3 f4 8. Nc3 Bg4 9. Nd5 Nd4 10. Qd1 Nxd5 11. Bxd5 c6 12. Ba2 Qc7 13. Bd2 O-O-O 14. h3 Nxf3+ 15. gxf3 Bd7 16. Qe2 Bf6 17. O-O-O Rhe8 18. Kb1 Be6 19. Bc3 Bxa2+ 20. Kxa2 d5 21. Rhg1 d4 22. Bd2 c5 23. Rc1 Kb8 24. b3 Rc8 25. c4 Qd7 26. Rh1 h6 27. Qf1 b6 28. Qg2 Qe6 29. Qg4 Qxg4 30. fxg4 Bh4 31. f3 Bf2 32. Be1 Be3 33. Rc2 Rh8 34. h4 g5 35. hxg5 hxg5 36. Rch2 Rxh2+ 37. Rxh2 Rg8 38. b4 Rg7 39. Kb3 Kb7 40. Ka4 Bc1 41. Rh6 a6 42. bxc5 bxc5 43. Ba5 Be3 44. Re6 1-0


[Site "https://www.chess.com"]

[Event "Titled Tuesday Blitz February 28 Late 2023"]
[White "Golichenko, Ilija"]
[Black "rikchessmx"]
[WhiteFideId "14117223"]
[WhiteElo "2350"]
[BlackElo "2161"]
[Result "0-1"]
[Round "06"]
[TimeControl "180+2"]
[Date "2023.02.28"]
[WhiteClock "0:00:24"]
[BlackClock "0:00:49"]

1. d4 Nf6 2. Nc3 e6 3. e4 c5 4. d5 e5 5. Nf3 d6 6. Nd2 a6 7. a4 g6 8. Nc4 Bg7 9. Be2 O-O 10. O-O Qe7 11. Nb6 Ra7 12. a5 Nbd7 13. Nc4 Kh8 14. h3 Ng8 15. f4 f5 16. exf5 gxf5 17. fxe5 Nxe5 18. Nxe5 Bxe5 19. Bf3 Bd7 20. Bd2 Raa8 21. Qe2 Qg7 22. Rae1 Qg3 23. Qc4 Rae8 24. Rxe5 dxe5 25. Be1 Qg5 26. Qxc5 e4 27. Be2 f4 28. Bf2 Bxh3 29. Bd4+ Nf6 30. Rf2 f3 31. Bf1 Kg8 32. Bxf6 Rxf6 33. Bc4 Qc1+ 34. Kh2 Qf4+ 35. g3 Qh6 36. d6+ Be6+ 37. Kg1 e3 38. Rh2 f2+ 39. Kg2 f1=Q+ 40. Bxf1 Rf2+ 0-1


[Site "https://www.chess.com"]

[Event "Titled Tuesday Blitz February 28 Late 2023"]
[White "Levine, David"]
[Black "Mazibuko, Khanya"]
[WhiteFideId "2011611"]
[BlackFideId "14321041"]
[WhiteElo "2109"]
[BlackElo "1873"]
[Result "1-0"]
[Round "06"]
[TimeControl "180+2"]
[Date "2023.02.28"]
[WhiteClock "0:00:50"]
[BlackClock "0:00:27"]

1. d4 Nf6 2. c4 g6 3. g3 d5 4. cxd5 Nxd5 5. Bg2 Bg7 6. Nf3 O-O 7. O-O c5 8. dxc5 Nb4 9. Qb3 N8c6 10. Nc3 Be6 11. Qa4 Rc8 12. Ng5 Bd7 13. Rd1 Na6 14. Qc4 Ne5 15. Qh4 h6 16. Nge4 f5 17. Bxh6 fxe4 18. Nxe4 e6 19. Bg5 Qa5 20. Nf6+ Bxf6 21. Bxf6 Qxc5 22. Rac1 Qxc1 23. Qh8+ Kf7 24. Qg7+ Ke8 25. Qe7# 1-0


[Site "https://www.chess.com"]

[Event "Titled Tuesday Blitz February 28 Late 2023"]
[White "Zhang, Alan"]
[Black "Souza, Gustavo Horokoski De"]
[WhiteFideId "30936870"]
[BlackFideId "2146584"]
[WhiteElo "2067"]
[BlackElo "1859"]
[Result "1-0"]
[Round "06"]
[TimeControl "180+2"]
[Date "2023.02.28"]
[WhiteClock "0:00:15"]
[BlackClock "0:00:04"]

1. e4 e6 2. d4 d5 3. Nc3 Nf6 4. e5 Nfd7 5. Nce2 c5 6. c3 Nc6 7. f4 Qb6 8. Nf3 Be7 9. a3 cxd4 10. cxd4 Na5 11. b4 Nc4 12. Nc3 Qc7 13. Qd3 b6 14. Be2 h5 15. O-O h4 16. f5 h3 17. fxe6 Ndxe5 18. dxe5 Bxe6 19. Nxd5 Bxd5 20. Qxd5 b5 21. Qxa8+ 1-0


[Site "https://www.chess.com"]

[Event "Titled Tuesday Blitz February 28 Late 2023"]
[White "Dias, Joao Batista"]
[Black "Lopez Perdomo, Juan David"]
[WhiteFideId "2108240"]
[BlackFideId "4405137"]
[WhiteElo "1907"]
[BlackElo "1965"]
[Result "0-1"]
[Round "06"]
[TimeControl "180+2"]
[Date "2023.02.28"]
[WhiteClock "0:01:58"]
[BlackClock "0:01:39"]

1. e4 e6 2. d4 d5 3. Nd2 Nf6 4. c3 dxe4 5. Qe2 c5 6. dxc5 Bxc5 7. Nxe4 Nxe4 8. Qxe4 Nd7 9. Bb5 O-O 10. Be3 Qb6 11. Bxd7 Qxb2 12. Bxc5 Qxa1+ 13. Ke2 Qb2+ 14. Kf3 Bxd7 15. Qb4 Bc6+ 16. Kg3 Qd2 17. Bxf8 Qg5+ 18. Qg4 Qxg4+ 19. Kxg4 Bxg2 20. Bc5 Rc8 21. Bxa7 Bxh1 22. Bd4 Rc4 23. Kg3 Ra4 24. f3 Rxa2 25. Nh3 Rg2+ 26. Kf4 f6 27. Nf2 e5+ 28. Ke3 exd4+ 0-1


[Site "https://www.chess.com"]